 Dungeon Crawl Stone Soup version 0.20-a0-623-gaf3b657 (webtiles) character file.

1113 MirrMurr the Cutter (level 8, -2/39 HPs)
             Began as a Spriggan Berserker on Feb 10, 2017.
             Was an Elder of Trog.
             Slain by an ice beast (11 damage)
             ... on level 5 of the Dungeon.
             The game lasted 00:15:46 (5623 turns).

MirrMurr the Cutter (Spriggan Berserker)            Turns: 5623, Time: 00:15:47

Health: -2/39      AC:  2    Str: 13    XL:     8   Next: 12%
Magic:  9/9        EV: 19    Int:  9    God:    Trog [****..]
Gold:   232        SH:  7    Dex: 17    Spells: 7/7 levels left

rFire    + . .     SeeInvis +   b - +0 short sword
rCold    . . .     Gourm    .   q - +0 robe (curse)
rNeg     . . .     Faith    .   p - +0 buckler
rPois    .         Spirit   .   (helmet restricted)
rElec    .         Reflect  .   (no cloak)
rCorr    .         Harm     .   (gloves unavailable)
MR       +++..                  (boots unavailable)
Stlth    +++.......             (no amulet)
Regen    1.2/turn               (no ring)
                                s - ring of protection from fire

@: lethally poisoned (-2 -> -2), regenerating, very quick
A: unfitting armour, see invisible, herbivore 3, speed 3, slow metabolism 2
a: Berserk, Trog's Hand, Brothers in Arms, Burn Spellbooks, Renounce Religion


You were on level 5 of the Dungeon.
You worshipped Trog.
Trog was greatly pleased with you.
You were not hungry.

You visited 1 branch of the dungeon, and saw 5 of its levels.

You collected 232 gold pieces.

Inventory:

Hand Weapons
 a - a +0 hunting sling
 b - a +0 short sword (weapon)
 k - a cursed -2 dagger
Missiles
 d - 13 poisoned needles
 e - 5 steel tomahawks (quivered)
 g - 16 sling bullets
 o - 188 stones
 w - a throwing net
Armour
 p - a +0 buckler (worn)
 q - a cursed +0 robe (worn)
Jewellery
 s - a ring of protection from fire (left hand)
 u - an uncursed ring of stealth {unknown}
Wands
 y - a wand of iceblast (5/15)
 z - a wand of polymorph (6/24)
Scrolls
 f - 2 scrolls of teleportation
 h - a scroll of blinking
 i - 2 scrolls of identify
 l - a scroll of fear
 r - a scroll of remove curse
 x - 2 scrolls of enchant weapon {unknown}
Potions
 j - a potion of agility
 m - 2 potions of brilliance
 v - a potion of curing
 A - a potion of invisibility
 B - a potion of might {unknown}
Comestibles
 c - 3 bread rations
 n - 3 fruits
 t - a royal jelly


   Skills:
 - Level 2.4 Fighting
 + Level 6.5 Short Blades
 * Level 5.9(6.1) Slings
 - Level 1.5(3.4) Throwing
 - Level 4.4 Dodging
 + Level 6.3 Stealth
 + Level 2.9 Shields


You had 7 spell levels left.
You didn't know any spells.

Dungeon Overview and Level Annotations

Branches:
Dungeon (5/15)             Temple (0/1) D:5

Altars:
Ashenzari
Elyvilon
Hepliaklqana
Makhleb
Qazlal
Sif Muna
Xom
Zin


Innate Abilities, Weirdness & Mutations

You are very small and have problems with some larger weapons.
You are too small for most types of armour.
You have supernaturally acute eyesight. (SInv)
You are a herbivore.
You cover ground extremely quickly.
You need consume almost no food.


Message History

The orc is severely wounded.
You block the orc's attack.
You hit the orc.
You kill the orc!
Trog accepts your kill.
You hit the ice beast.
The ice beast is lightly wounded.
You feel sick. The ice beast barely misses you.
You barely miss the ice beast.
The ice beast is lightly wounded.
The ice beast hits you. The ice beast freezes you!
You are too injured to fight recklessly!
You are too injured to fight recklessly!
You are too injured to fight recklessly!
You barely miss the ice beast.
The ice beast is lightly wounded.
The ice beast hits you.
* * * LOW HITPOINT WARNING * * *
The ice beast freezes you!
You die...

#...........................
#.####.##'######............
#.####.##.# ####.........
#....#.##.. #######...
####.#.####### ########...
#.......... ....(.####
###.###### #.....# #.#######
##.....# #.#..Y@.# .......#
#.#.###.#####8.8#...###
#######.#.#
#..[..8...8#.<..#
#.......#o#
######8.>.8.###.#
#.#######Y# 8...8 #.# #.#
#.# #888# #.# #.#
##o########... ###..
##.######..()o........ #....
#.......'...Y......... #....


You could see an ice beast.

Vanquished Creatures
  Menkaure (D:5)
  Edmund (D:5)
  A centaur (D:5)
  2 scorpions
  A howler monkey (D:5)
  A crimson imp (D:4)
  A hound (D:5)
  2 orc wizards
  A gnoll shaman (D:4)
  6 orc priests
  3 iguanas
  A worker ant (D:5)
  4 gnolls
  6 adders
  2 oozes
  3 worms
  3 dart slugs (D:1)
  3 leopard geckos
  16 orcs
  2 ball pythons
  4 giant cockroaches
  10 goblins
  6 hobgoblins
  6 jackals
  7 quokkas
  7 bats
  7 frilled lizards
  A giant cockroach zombie (D:5)
  A jackal skeleton (D:4)
  8 kobolds
  7 rats
124 creatures vanquished.

Notes
Turn   | Place    | Note
-------+----------+-------------------------------------------
     0 | D:1      | MirrMurr the Spriggan Berserker began the quest for the Orb.
     0 | D:1      | Reached XP level 1. HP: 11/11 MP: 2/2
    83 | D:1      | Found a shattered altar of Ashenzari.
    88 | D:1      | Reached skill level 1 in Stealth
   144 | D:1      | Reached XP level 2. HP: 16/16 MP: 3/3
   536 | D:1      | Reached XP level 3. HP: 18/19 MP: 4/4
   802 | D:1      | Reached ** piety under Trog
   985 | D:2      | Found a shimmering altar of Xom.
  1205 | D:2      | Found a burning altar of Makhleb.
  1213 | D:2      | Found a glowing silver altar of Zin.
  1213 | D:2      | Noticed an angel
  1214 | D:2      | Noticed an Executioner
  1235 | D:2      | Reached XP level 4. HP: 14/23 MP: 5/5
  1527 | D:2      | Reached skill level 5 in Short Blades
  1667 | D:2      | Reached *** piety under Trog
  2353 | D:3      | Found a white marble altar of Elyvilon.
  2354 | D:3      | Found a shattered altar of Ashenzari.
  2355 | D:3      | Found a hazy altar of Hepliaklqana.
  2355 | D:3      | Found a deep blue altar of Sif Muna.
  2426 | D:3      | Reached skill level 1 in Throwing
  2612 | D:4      | Reached skill level 1 in Slings
  2612 | D:4      | Reached XP level 5. HP: 27/27 MP: 6/6
  2839 | D:4      | Reached skill level 1 in Shields
  3385 | D:4      | Reached XP level 6. HP: 32/32 MP: 7/7
  3728 | D:4      | Reached **** piety under Trog
  3941 | D:5      | Entered Level 5 of the Dungeon
  4415 | D:5      | Found a stormy altar of Qazlal.
  4417 | D:5      | Noticed an air elemental
  4423 | D:5      | Noticed a fire elemental
  4426 | D:5      | Noticed a water elemental
  4535 | D:5      | Reached XP level 7. HP: 32/35 MP: 8/8
  4833 | D:5      | Reached skill level 5 in Stealth
  5071 | D:5      | Noticed Edmund
  5152 | D:5      | Killed Edmund
  5159 | D:5      | Reached skill level 5 in Slings
  5414 | D:5      | Found a staircase to the Ecumenical Temple.
  5545 | D:5      | Noticed Menkaure
  5555 | D:5      | Killed Menkaure
  5555 | D:5      | Reached XP level 8. HP: 39/39 MP: 9/9
  5623 | D:5      | Slain by an ice beast

Vault maps used:
D:1:      dpeg_arrival_tiny_c, nicolae_ashenzari_panopticon
D:2:      grunt_temple_overflow_order_and_chaos_2, xom_teletrap_fun
D:3:      chequers_temple_overflow_statue_of_worship, first_bread
D:4:      nrook_mini_backslash
D:5:      nicolae_qazlal_style_of_elements, minmay_temple_entry_statues,
          uniq_edmund, uniq_menkaure

Skill      XL: |  1  2  3  4  5  6  7 |
---------------+----------------------+-----
Stealth        | 1 2 3 4 6 |  6.3
Short Blades   | 4 5 6 |  6.5
Throwing       | 1 |  1.5
Slings         | 1 2 3 5 |  5.9
Shields        | 1 2 |  2.9
Fighting       | |  2.4
Dodging        | |  4.4

Action                   |  1- 3 |  4- 6 |  7- 9 || total
-------------------------+-------+-------+-------++-------
Melee: Short sword       |   139 |   199 |    82 ||   420
 Fire: Hunting sling     |       |   193 |   101 ||   294
Throw: Stone             |       |    12 |       ||    12
       Tomahawk          |       |     6 |       ||     6
Invok: Berserk           |     1 |       |     2 ||     3
       Trog's Hand       |       |       |     4 ||     4
  Use: Scroll            |     7 |     5 |       ||    12
       Potion            |       |     1 |       ||     1
 Stab: Sleeping          |     6 |     4 |       ||    10
  Eat: Bread ration      |       |     1 |       ||     1
       Fruit             |       |     1 |       ||     1
Armor: Animal skin       |     8 |     1 |       ||     9
       Robe              |       |    12 |     5 ||    17
Dodge: Dodged            |   107 |   164 |    87 ||   358
Block: Buckler           |     4 |    46 |    31 ||    81
